 Dungeon Crawl Stone Soup version 0.28-a0-46-g7b1be97da7 (webtiles) character file.

Game seed: 2220005702216121730

284 CowFu the Cudgeller (level 6, -4/37 HPs)
             Began as a Gargoyle Fighter on July 29, 2021.
             Killed from afar by Grinder (14 damage)
             ... with a puff of flame
             ... while paralysed by Grinder
             ... on level 3 of the Dungeon.
             The game lasted 00:03:02 (2866 turns).

CowFu the Cudgeller (Gargoyle Fighter)              Turns: 2866, Time: 00:03:02

Health: -4/37      AC: 12    Str: 22    XL:     6   Next: 29%
Magic:  6/6        EV:  2    Int: 14    God:
Gold:   103        SH:  0    Dex:  9    Spells: 5/5 levels left

rFire   . . .      SeeInvis .   i - +2 mace (holy)
rCold   . . .      Faith    .   c - +0 kite shield
rNeg    + . .      Spirit   .   b - +0 scale mail
rPois   ∞          Reflect  .   o - +1 hat
rElec   +          Harm     .   (no cloak)
rCorr   .          Rampage  .   (no gloves)
Will    .....                   (no boots)
Stlth   ..........              (no amulet)
HPRegen 0.12/turn               f - +6 ring of intelligence
MPRegen 0.10/turn               (no ring)

@: paralysed
A: sickness immunity, AC +4, negative energy resistance 1, electricity
resistance, torment resistance 1, petrification resistance
a: no special abilities


You were on level 3 of the Dungeon.
You visited 1 branch of the dungeon, and saw 3 of its levels.

You collected 103 gold pieces.

Inventory:

Hand Weapons
 a - a +0 flail
 i - a +2 mace of holy wrath (weapon)
 q - a +1 whip of venom
Armour
 b - a +0 scale mail (worn)
 c - a +0 kite shield (worn)
 o - a +1 hat (worn)
Jewellery
 f - a +6 ring of intelligence (left hand)
Scrolls
 e - 6 scrolls of identify {unknown}
 l - a scroll of teleportation {unknown}
 m - a scroll of noise {unknown}
 n - a scroll of amnesia {unknown}
 p - a scroll of fear {unknown}
 r - 2 scrolls of enchant weapon {unknown}
Potions
 d - a potion of attraction {unknown}
 g - a potion of invisibility {unknown}
 h - a potion of degeneration {unknown}
 j - 2 potions of heal wounds {unknown}
 k - 2 potions of berserk rage {unknown}


   Skills:
 - Level 3.2 Fighting
 + Level 6.4 Maces & Flails
 - Level 3.2 Armour
 - Level 3.2 Shields


You had 5 spell levels left.
You didn't know any spells.
Your spell library contained the following spells:

 Spells                   Type           Power      Damage    Failure   Level
 Corpse Rot               Necr/Air       N/A        N/A       99%         2
 Poisonous Vapours        Pois/Air       0%         N/A       99%         2
 Freezing Cloud           Conj/Ice/Air   0%         6-21      100%        5


Dungeon Overview and Level Annotations

Branches:
Dungeon (3/15)

Altars:

Annotations:
D:3 Grinder


Innate Abilities, Weirdness & Mutations

You are immune to sickness and miasma.
Your stone body is resilient. (AC +4)
You are immune to poison.
You resist negative energy. (rN+)
You are resistant to electric shocks. (rElec)
You are resistant to unholy torment.
You are immune to petrification.


Message History

You kill the orc!
You closely miss the orc. You block the orc's attack.
Grinder blinks!
The orc hits you but does no damage.
You sock the orc!
You kill the orc!
You thump the goblin!
You kill the goblin!
Grinder blinks!
Items here: ))) †.
Grinder gestures at you.
You suddenly lose the ability to move!
Grinder hits you but does no damage.
Grinder blinks!
You can move again.
Grinder blinks!
You hit Grinder.
Grinder convulses.
Grinder is lightly wounded.
Grinder blinks!
Grinder says, "Mostly I couldn't keep them alive."
Grinder zaps a wand.
You block the puff of flame. Grinder gestures at you.
Pain shoots through your body! Grinder gestures at you.
You barely resist. You hit Grinder.
Grinder convulses.
Grinder is moderately wounded.
Grinder zaps a wand.
The puff of flame hits you!
You barely miss Grinder.
Grinder is moderately wounded.
Grinder zaps a wand.
You block the puff of flame.
You hit Grinder but do no damage.
Grinder is moderately wounded.
Grinder gestures at you.
You suddenly lose the ability to move!
Grinder hits you.
You writhe in agony.
Grinder hits you but does no damage. Grinder hits you.
* * * LOW HITPOINT WARNING * * *
Grinder hits you but does no damage.
Grinder zaps a wand.
The puff of flame hits you!
You die...

#................
#..........###...
#..........# ####
#####.###### #))#
#######)##
#.......#
#.......#
#.5@....#
#..$........
#.......##...
#.......# ##
#######... #####


You could see Grinder.

Vanquished Creatures
  A necrophage (D:3)
  2 orc priests
  Terence (D:3)
  Robin (D:3)
  3 adders
  A white imp (D:3)
  6 orcs
  5 ball pythons
  4 bats
  2 giant cockroaches
  7 goblins
  7 hobgoblins
  9 jackals
  A quokka (D:3)
  2 frilled lizards (D:1)
  6 kobolds
  2 rats
60 creatures vanquished.

Notes
Turn   | Place    | Note
-------+----------+-------------------------------------------
     0 | D:1      | CowFu the Gargoyle Fighter began the quest for the Orb.
     0 | D:1      | Reached XP level 1. HP: 14/14 MP: 1/1
   575 | D:1      | Reached XP level 2. HP: 19/19 MP: 2/2
  1109 | D:1      | Found a faded altar of an unknown god.
  1139 | D:1      | Reached skill level 3 in Maces & Flails
  1228 | D:2      | Reached XP level 3. HP: 19/23 MP: 3/3
  1738 | D:2      | Reached skill level 4 in Maces & Flails
  2188 | D:2      | Reached XP level 4. HP: 3/28 MP: 4/4
  2567 | D:3      | Noticed Terence
  2576 | D:3      | Killed Terence
  2577 | D:3      | Reached skill level 5 in Maces & Flails
  2577 | D:3      | Reached XP level 5. HP: 32/32 MP: 5/5
  2592 | D:3      | Noticed a necrophage
  2598 | D:3      | Killed a necrophage
  2599 | D:3      | Reached skill level 6 in Maces & Flails
  2666 | D:3      | Reached XP level 6. HP: 37/37 MP: 6/6
  2667 | D:3      | Noticed Robin
  2694 | D:3      | Killed Robin
  2830 | D:3      | Noticed Grinder
  2852 | D:3      | Paralysed by Grinder for 3 turns
  2862 | D:3      | Paralysed by Grinder for 7 turns
  2866 | D:3      | Killed from afar by Grinder

Illustrated notes

Levels and vault maps discovered:
D:1:      beargit_arrival_diablo_church, layout_loops_ring,
          chequers_ecumenical_altar_grove, minmay_heptomino_h4
D:2:      layout_basic
D:3:      layout_rooms, mainiacjoe_overflow_surrounded_room, chequers_jeans,
          uniq_grinder, uniq_terence, uniq_robin

Skill      XL: |  1  2  3  4  5 |
---------------+----------------+-----
Maces & Flails | 3 4 5 6 |  6.4
Fighting       | |  3.2
Armour         | |  3.2
Shields        | |  3.2

Action                   |  1- 3 |  4- 6 || total
-------------------------+-------+-------++-------
Melee: Flail             |    25 |       ||    25
       Mace              |    70 |    80 ||   150
  Use: Potion            |       |     1 ||     1
Armor: Scale mail        |    63 |    52 ||   115
Dodge: Dodged            |    52 |    22 ||    74
Block: Kite shield       |    76 |    47 ||   123

Table legend: (Time is in decaauts)
 A = Elapsed time spent in this place.
 B = Non-inter-level travel time spent in this place.
 C = Inter-level travel time spent in this place.
 D = Time resting spent in this place.
 E = Time spent auto-exploring this place.
 F = Levels seen in this place.
 G = Mean time per level.
                   A        B        C        D        E       F      G
               +--------+--------+--------+--------+--------+-----+--------+
         Total |   2940 |   2911 |     29 |      0 |   2484 |   3 |  980.0 |
       Dungeon |   2940 |   2911 |     29 |      0 |   2484 |   3 |  980.0 |
               +--------+--------+--------+--------+--------+-----+--------+

Top non-repeatable levels by time:
     D:2: 1266 daAuts
     D:1: 1233 daAuts
     D:3: 440 daAuts
